 Dungeon Crawl Stone Soup version 0.27-a0-1147-gb3d8e82157 (webtiles) character file.

Game seed: 18362480079629902982

40 Snikeer the Chopper (level 3, -3/51 HPs)
             Began as a Hill Orc Berserker on May 11, 2021.
             Was a Believer of Trog.
             Slain by a gnoll
             ... wielding a +4 halberd
              (15 damage)
             ... on level 2 of the Dungeon.
             The game lasted 00:01:28 (2320 turns).

Snikeer the Chopper (Hill Orc Berserker)            Turns: 2320, Time: 00:01:28

Health: -3/51      AC:  2    Str: 20    XL:     3   Next: 50%
Magic:  3/3        EV: 11    Int:  7    God:    Trog [**....]
Gold:   132        SH:  0    Dex: 10    Spells: 2/2 levels left

rFire    . . .     SeeInvis .   a - +0 hand axe
rCold    . . .     Faith    .   (no shield)
rNeg     . . .     Spirit   .   b - +0 animal skin
rPois    .         Reflect  .   (no helmet)
rElec    .         Harm     .   (no cloak)
rCorr    .         Rampage  .   (no gloves)
Will     .....                  (no boots)
Stlth    ..........             (no amulet)
HPRegen  0.17/turn              (no ring)
MPRegen  0.08/turn              (no ring)

@: berserking (expiring), very quick
A: no striking features
a: Renounce Religion, Berserk, Trog's Hand


You were on level 2 of the Dungeon.
You worshipped Trog.
Trog was pleased with you.
You visited 1 branch of the dungeon, and saw 2 of its levels.

You collected 132 gold pieces.

Inventory:

Hand Weapons
 a - a +0 hand axe (weapon)
Missiles
 s - 3 stones (quivered)
Armour
 b - a +0 animal skin (worn)
Jewellery
 c - a ring of ice {rC+, rF-}
   (You found it on level 1 of the Dungeon)
Scrolls
 g - a scroll of identify {unknown}
Potions
 d - 2 potions of cancellation {unknown}
 e - a potion of magic {unknown}
 f - a potion of flight {unknown}
 h - 2 potions of heal wounds {unknown}
 i - a potion of curing {unknown}


   Skills:
 + Level 4.5 Fighting
 + Level 5.0 Axes
 - Level 2.1 Armour
 - Level 1.5 Dodging


You had 2 spell levels left.
You didn't know any spells.
Your spell library was empty.

Dungeon Overview and Level Annotations

Branches:
Dungeon (2/15)

Altars:


Message History

You hit the kobold. Trog accepts your kill.
No target in view!
No target in view!
s - 3 stones You see here a +0 short sword.
Health restored: 34 A rat comes into view.
A rat is nearby!
A rat is nearby!
A rat is nearby!
The rat barely misses you.
You barely miss the rat. The rat bites you but does no damage.
You hit the rat. Trog accepts your kill.
No target in view!
No target in view!
You now have 79 gold pieces (gained 5).
A hobgoblin comes into view.
A hobgoblin is nearby!
A hobgoblin is nearby!
A hobgoblin is nearby!
The hobgoblin hits you.
You take 1 damage, and have 33/34 hp.
You barely miss the hobgoblin. The hobgoblin closely misses you.
You barely miss the hobgoblin.
The hobgoblin hits you but does no damage.
You hit the hobgoblin. The hobgoblin hits you.
You take 2 damage, and have 31/34 hp.
You hit the hobgoblin. Trog accepts your kill.
No target in view!
No target in view!
No target in view!
You now have 93 gold pieces (gained 14).
A quokka comes into view.
Health restored: 34 A quokka is nearby!
A quokka is nearby!
A quokka is nearby!
A quokka is nearby!
You hit the quokka. The quokka bites you.
You take 4 damage, and have 30/34 hp.
You hit the quokka. The quokka bites you.
You take 1 damage, and have 29/34 hp.
You hit the quokka. Trog accepts your kill.
No target in view!
No target in view!
You now have 99 gold pieces (gained 6).
An endoplasm comes into view.
The endoplasm quivers.
You see here 7 gold pieces.
Health restored: 34 An endoplasm is nearby!
An endoplasm is nearby!
An endoplasm is nearby!
The endoplasm barely misses you.
You hit the endoplasm. Trog accepts your kill.
You can now call upon Trog for regeneration and willpower.
No target in view!
No target in view!
You now have 106 gold pieces (gained 7).
There is a stone staircase leading up here.
You now have 120 gold pieces (gained 14).
d - 2 fuming white potions (gained 1)
i - a murky golden potion You now have 132 gold pieces (gained 12).
Found a stone staircase leading down.
A gnoll comes into view. It is wielding a +3 whip.
There is a stone staircase leading down here.
A gnoll is nearby!
The gnoll shouts!
A gnoll comes into view. It is wielding a +0 club.
A gnoll comes into view. It is wielding a +4 halberd.
The gnoll shouts!
There is a stone staircase leading down here.
A red film seems to cover your vision as you go berserk!
You feel yourself moving faster!
You feel mighty! The gnoll hits you with a +3 whip.
You now have 46/51 hp.
You barely miss the gnoll. The gnoll hits you with a +3 whip.
You take 2 damage, and have 44/51 hp.
You slash the gnoll! You hit the gnoll. The gnoll hits you with a +3 whip!
You take 10 damage, and have 35/51 hp.
You closely miss the gnoll. You barely miss the gnoll.
You barely miss the gnoll. The gnoll hits you with a +0 club!
You take 10 damage, and have 25/51 hp.
You hit the gnoll but do no damage. You slash the gnoll!
The gnoll hits you with a +0 club.
The gnoll hits you from afar with a +4 halberd!
* * * LOW HITPOINT WARNING * * *
You take 13 damage, and have 12/51 hp.
MASSIVE DAMAGE!!
You hit the gnoll. Trog accepts your kill.
The gnoll hits you from afar with a +4 halberd!
You die...

#.###.## #.# #.#
#######.###.##### .##
.....|...##.#...#####.g...
.######..##.#.......g.#
#..##.#..g#######
#..##.##.## #..##.##.#
####..##@##.#
#.....##g##.#######
#.###.##.g......... #.#
#.####..#######
#.###.###.# #.##
#.........# #.#
#####..#### #.#
########.#######.#
###.................


You could see 2 gnolls.

Vanquished Creatures
  A gnoll (D:2)
  An adder (D:2)
  2 dart slugs (D:1)
  3 bats
  2 endoplasms (D:2)
  2 giant cockroaches (D:1)
  2 goblins (D:1)
  5 hobgoblins
  2 kobolds
  2 quokkas
  2 ball pythons (D:1)
  2 rats (D:2)
26 creatures vanquished.

Notes
Turn   | Place    | Note
-------+----------+-------------------------------------------
     0 | D:1      | Snikeer the Hill Orc Berserker began the quest for the Orb.
     0 | D:1      | Reached XP level 1. HP: 19/19 MP: 1/1
   242 | D:1      | HP: 4/20 [giant cockroach (2)]
   582 | D:1      | Reached skill level 4 in Fighting
   582 | D:1      | Reached XP level 2. HP: 10/27 MP: 2/2
  1716 | D:2      | Reached XP level 3. HP: 30/34 MP: 3/3
  1781 | D:2      | Reached skill level 5 in Axes
  2119 | D:2      | Reached ** piety under Trog
  2319 | D:2      | HP: 12/51 [gnoll/+4 halberd (7)]
  2320 | D:2      | Slain by a gnoll

Illustrated notes

Levels and vault maps discovered:
D:1:      dpeg_arrival_rhombus, layout_loops_cross, minivault_24
D:2:      layout_loops_ring, kennysheep_nondescript

Skill      XL: |  1  2  3 |
---------------+----------+-----
Fighting       | 4 |  4.5
Axes           | 5 |  5.0
Armour         | |  2.1
Dodging        | |  1.5

Action                   || total
-------------------------++-------
Melee: Hand axe          ||    85
Invok: Berserk           ||     2
Armor: Animal skin       ||     5
Dodge: Dodged            ||    37

Table legend: (Time is in decaauts)
 A = Elapsed time spent in this place.
 B = Non-inter-level travel time spent in this place.
 C = Inter-level travel time spent in this place.
 D = Time resting spent in this place.
 E = Time spent auto-exploring this place.
 F = Levels seen in this place.
 G = Mean time per level.
                   A        B        C        D        E       F      G
               +--------+--------+--------+--------+--------+-----+--------+
         Total |   2333 |   2229 |    104 |     34 |   1991 |   2 | 1166.5 |
       Dungeon |   2333 |   2229 |    104 |     34 |   1991 |   2 | 1166.5 |
               +--------+--------+--------+--------+--------+-----+--------+

Top non-repeatable levels by time:
     D:1: 1747 daAuts
     D:2: 586 daAuts

Table legend:
 A = Kills in this place as a percentage of kills in entire the game.
 B = Kills by you in this place as a percentage of kills by you in the entire game.
 C = Kills by friends in this place as a percentage of kills by friends in the entire game.
 D = Other kills in this place as a percentage of other kills in the entire game.
 E = Experience gained in this place as a percentage of experience gained in the entire game.
 F = Experience gained in this place divided by the number of levels of this place that you have seen.
                   A       B       C       D       E      F
               +-------+-------+-------+-------+-------+----------------------
         Total | 100.0 | 100.0 |   N/A |   N/A | 100.0 |  36.5
       Dungeon | 100.0 | 100.0 |   N/A |   N/A | 100.0 |  36.5
               +-------+-------+-------+-------+-------+----------------------
